 Dungeon Crawl Stone Soup version 0.29.1-1-gd02db6906a (webtiles) character file.

Game seed: 6976547631236412875

67 Snarg the Shooter (level 4, -2/25 HPs)
             Began as a Kobold Arcane Marksman on Oct 4, 2022.
             Was a Priest of Lugonu.
             Killed from afar by an orc wizard (11 damage)
             ... with a puff of flame
             ... on level 3 of the Dungeon.
             The game lasted 00:07:37 (2296 turns).

Snarg the Shooter (Kobold Arcane Marksman)          Turns: 2296, Time: 00:07:38

Health: -2/25      AC: 10    Str:  7    XL:     4   Next: 38%
Magic:  2/5        EV: 15    Int: 14    God:    Lugonu [***...]
Gold:   140        SH:  0    Dex: 17    Spells: 4/5 levels left

rFire   . . .      SeeInvis .   a - +2 dagger (protect)
rCold   . . .      Faith    .   (no shield)
rNeg    . . .      Spirit   .   c - +0 robe
rPois   .          Reflect  .   (no helmet)
rElec   .          Harm     .   l - +0 cloak
rCorr   .          Rampage  .   (no gloves)
Will    .....                   (no boots)
Stlth   +++.......              (no amulet)
HPRegen 0.08/turn               (no ring)
MPRegen 0.09/turn               (no ring)

@: under a protective aura
A: small, no large weapons, nightstalker 3
a: Renounce Religion, Depart the Abyss, Bend Space, Banish


You were on level 3 of the Dungeon.
You worshipped Lugonu.
Lugonu was most pleased with you.
You visited 1 branch of the dungeon, and saw 3 of its levels.

You collected 140 gold pieces.

Inventory:

Hand Weapons
 a - a +2 dagger of protection (weapon)
 b - a +1 sling
 m - a +0 short sword
 o - a +0 scimitar
 p - a +0 dagger
Missiles
 g - 36 stones
Armour
 c - a +0 robe (worn)
 l - a +0 cloak (worn)
 s - a +0 buckler
Scrolls
 d - 4 scrolls of identify {unknown}
 e - 2 scrolls of poison
 i - 2 scrolls of blinking {unknown}
 k - a scroll of amnesia {unknown}
 n - 2 scrolls of enchant armour {unknown}
 r - a scroll of teleportation {unknown}
Potions
 f - a potion of haste {unknown}
 h - a potion of heal wounds {unknown}
 j - a potion of ambrosia {unknown}
 q - 2 potions of curing {unknown}


   Skills:
 + Level 1.2 Fighting
 + Level 0.2 Short Blades
 + Level 3.7 Ranged Weapons
 + Level 2.7 Dodging
 + Level 1.8 Stealth
 - Level 1.1 Spellcasting
 + Level 3.6 Hexes
 * Level 1.4 Invocations


You had 4 spell levels left.
You knew the following spells:

 Your Spells              Type           Power      Damage    Failure   Level
a - Slow                  Hex            40%        N/A       6%          1

Your spell library contained the following spells:

 Spells                   Type           Power      Damage    Failure   Level
 Apportation              Tloc           0%         N/A       26%         1
 Inner Flame              Hex/Fire       5%         N/A       36%         3
 Portal Projectile        Hex/Tloc       10%        N/A       36%         3
 Cause Fear               Hex            5%         N/A       52%         4
 Alistair's Intoxication  Tmut/Pois      0%         N/A       100%        5


Dungeon Overview and Level Annotations

Branches:
Dungeon (3/15)

Altars:
Lugonu

Annotations:
D:1 xlr
D:2 clr
D:3 Sigmund


Innate Abilities, Weirdness & Mutations

You are small and have problems with some larger weapons.
You are completely attuned to the shadows.


Message History

You are too injured to fight recklessly!
You hit the orc wizard but do no damage.
Your weapon exudes an aura of protection.
The orc wizard misses you.
You barely miss the orc wizard. You hit the orc wizard.
The orc wizard is lightly wounded.
The orc wizard hits you with a +0 dagger.
You hit the orc wizard.
The orc wizard is moderately wounded.
You closely miss the orc wizard.
The orc wizard is moderately wounded.
The orc wizard hits you with a +0 dagger.
You barely miss the orc wizard.
The orc wizard is moderately wounded.
The orc wizard points at you and mumbles some strange words.
The magic dart hits you.
You hit the orc wizard.
The orc wizard is moderately wounded.
You hit the orc wizard.
The orc wizard is severely wounded.
The orc wizard closely misses you.
You hit the orc wizard.
The orc wizard is severely wounded.
You hit the orc wizard but do no damage.
The orc wizard is severely wounded.
The orc wizard hits you with a +0 dagger.
You closely miss the orc wizard.
The orc wizard is severely wounded.
The orc wizard casts a spell at you. The puff of flame misses you.
You hit the orc wizard.
The orc wizard is severely wounded.
A kobold comes into view. It is wielding a +0 short sword.
You hit the orc wizard.
The orc wizard is almost dead.
The orc wizard is no longer moving slowly.
The orc wizard gestures at you while chanting.
The puff of flame hits you!
You die...

######
##....#
###⌠....####
............
...o@<.§†!#
.#....)...#
.K.⌠........
..#....##.##
........ ..


You could see an orc wizard and a kobold.

Vanquished Creatures
  4 dart slugs
  2 orcs
  4 endoplasms
  7 giant cockroaches
  6 goblins (D:1)
  4 hobgoblins
  8 ball pythons
  6 bats
  A frilled lizard (D:2)
  4 kobolds
  5 rats
51 creatures vanquished.

Vanquished Creatures (others)
  2 fungi (D:2)
2 creatures vanquished.

Grand Total: 53 creatures vanquished

Notes
Turn   | Place    | Note
-------+----------+-------------------------------------------
     0 | D:1      | Snarg the Kobold Arcane Marksman began the quest for the
                  | Orb.
     0 | D:1      | Reached XP level 1. HP: 12/12 MP: 2/2
   186 | D:1      | Reached XP level 2. HP: 16/16 MP: 3/3
   215 | D:1      | Found a faded altar of an unknown god.
   219 | D:1      | Prayed at the altar of an unknown god.
   219 | D:1      | Became a worshipper of Lugonu the Unformed
   219 | D:1      | Reached * piety under Lugonu
   219 | D:1      | Reached ** piety under Lugonu
   830 | D:1      | Reached skill level 1 in Stealth
   832 | D:1      | Reached XP level 3. HP: 20/20 MP: 2/4
  1456 | D:2      | Reached skill level 1 in Invocations
  1753 | D:2      | Reached XP level 4. HP: 25/25 MP: 5/5
  2073 | D:3      | Noticed Sigmund
  2141 | D:3      | Reached *** piety under Lugonu
  2296 | D:3      | Killed from afar by an orc wizard

Illustrated notes

Levels and vault maps discovered:
D:1:      mushboom_english_gardens, layout_loops_ring,
          ebering_ecumenical_altar_box
D:2:      layout_rooms, dreamdust_mushroom_princess, minmay_worlds_worst_comb
D:3:      layout_basic, grunt_ministairs_1, minmay_cut_off, uniq_sigmund

Skill      XL: |  1  2  3 |
---------------+----------+-----
Ranged Weapons | 3 |  3.7
Stealth        | 1 |  1.8
Invocations    | 1 |  1.4
Fighting       | |  1.2
Short Blades   | |  0.2
Dodging        | |  2.7
Spellcasting   | |  1.1
Hexes          | |  3.6

Action                   |  1- 3 |  4- 6 || total
-------------------------+-------+-------++-------
Melee: Dagger            |    54 |    50 ||   104
       Punch             |     1 |       ||     1
 Fire: Sling             |    62 |     2 ||    64
 Cast: Slow              |    18 |     8 ||    26
 Stab: Sleeping          |     3 |     7 ||    10
Armor: Robe              |    18 |    16 ||    34
Dodge: Dodged            |    63 |    46 ||   109
